Cogmind - Beta 13 @@@ ROGUE MODE // 2024.05.21 @ 00:09:08 Player: CatPlusPlus Result: Self-destructed Performance ------------- Evolutions (3) 1500 Regions Visited (11) 2200 Robots Destroyed (117) 585 Value Destroyed (3503) 3503 Prototype IDs (9) 180 Alien Tech Used (0) 0 Bonus (1073) 1073 TOTAL SCORE: 9041 Bonus ------- High Alert Combat Kills 314 Follower Combat Kills 280 Entered Garrisons 200 Acquired ECA 300 Friendly Fire -21 Cogmind --------- Core Integrity 555/700 Matter 171/300 Energy 290/290 System Corruption 9% Temperature Warning (342) Movement Rolling (145) Ox3 Location -7/Zion Parts ------- > --- POWER (2) -------- Reinforced Deuterium Engine > --- PROPULSION (3) --- Armored Huge Wheel > --- UTILITY (6) ------ Huge Storage Unit Experimental Signal Interpreter Experimental Terrain Scan Processor > --- WEAPON (2) ------- Missile Launcher > --- INVENTORY (25) --- Reinforced Deuterium Engine Micro Nuclear Core Armored Wheel Armored Huge Wheel Improved Cooling System High-capacity Matter Pod (200) Improved Terrain Scanner Seismic Detector Makeshift Salvage Targeting Computer Core Analyzer Weapon Cycler Hardened Medium Armor Plating Makeshift Light Armor Plating Long-range Tractor Beam Improved EM Pulse Cannon Improved EM Pulse Cannon Cooled Particle Cannon Enhanced Autogun Assault Cannon Assault Cannon Missile Launcher Plasma Cutter Great Maul Peak State ------------ > --- POWER ------------ Reinforced Deuterium Engine Reinforced Deuterium Engine > --- PROPULSION ------- Armored Wheel Armored Huge Wheel > --- UTILITY ---------- Cooling System Huge Storage Unit Structural Scanner Experimental Signal Interpreter Experimental Terrain Scan Processor Experimental Target Analyzer > --- WEAPON ----------- Assault Cannon Great Maul > --- INVENTORY -------- Reinforced Deuterium Engine Micro Nuclear Core Armored Wheel Armored Huge Wheel Improved Cooling System High-capacity Matter Pod Improved Terrain Scanner Seismic Detector Makeshift Salvage Targeting Computer Core Analyzer Weapon Cycler Hardened Medium Armor Plating Hardened Medium Armor Plating Makeshift Light Armor Plating Long-range Tractor Beam Gatling Laser Improved EM Pulse Cannon Improved EM Pulse Cannon Cooled Particle Cannon Enhanced Autogun Assault Cannon Missile Launcher Missile Launcher Plasma Cutter [Rating: 61] Favorites ----------- Power Reinforced Deuterium Engine Engine Reinforced Deuterium Engine Power Core Light Nuclear Core Propulsion Armored Wheel Treads Light Treads Leg Aluminum Leg Wheel Armored Wheel Utility Huge Storage Unit Device Seismic Detector Storage Huge Storage Unit Processor Improved Signal Interpreter Protection Medium Reactive Plating Weapon Assault Cannon Energy Gun Gatling Laser Energy Cannon Cooled Particle Cannon Ballistic Gun Assault Rifle Ballistic Cannon Assault Cannon Launcher Missile Launcher Impact Weapon Great Maul Slashing Weapon Katana Build | -11 -10 -10 -10 -9 -8 -8 -8 -7 -7 -7 -7 ------- Run | Yrd Mat Min Exi Min Mat Gar Mat Fac Low Low Zio Slots Evolved 6 | . . . . . 4 . . 2 . . . Power 1 | . . . . . . . . 1 . . . Propulsion 1 | . . . . . 1 . . . . . . Utility 4 | . . . . . 3 . . 1 . . . Weapon . | . . . . . . . . . . . . Parts Attached 141 | 7 2 14 . 3 6 28 19 31 9 12 10 Power 15 | 1 . 2 . . . 3 2 7 . . . Engine 8 | 1 . 2 . . . 1 2 2 . . . Core 7 | . . . . . . 2 . 5 . . . Reactor . | . . . . . . . . . . . . Propulsion 23 | 2 . 2 . . 1 11 3 4 . . . Treads 4 | 2 . 1 . . . 1 . . . . . Leg 3 | . . . . . . 3 . . . . . Wheel 16 | . . 1 . . 1 7 3 4 . . . Hover . | . . . . . . . . . . . . Flight . | . . . . . . . . . . . . Utility 49 | 2 1 2 . 2 4 4 8 8 6 7 5 Device 23 | 1 . . . 1 2 3 2 6 3 5 . Storage 4 | 1 1 1 . . . . 1 . . . . Processor 6 | . . . . . 1 . . 1 . . 4 Hackware . | . . . . . . . . . . . . Protection 16 | . . 1 . 1 1 1 5 1 3 2 1 Artifact . | . . . . . . . . . . . . Weapon 54 | 2 1 8 . 1 1 10 6 12 3 5 5 Energy Gun 8 | . . . . . 1 . . 5 . . 2 Energy Cannon 7 | . . . . . . 2 . 2 1 2 . Ballistic Gun 15 | 2 . 6 . 1 . 4 2 . . . . Ballistic Cannon 8 | . . . . . . . 3 1 1 2 1 Launcher 9 | . 1 2 . . . 1 1 1 1 1 1 Special Weapon . | . . . . . . . . . . . . Impact Weapon 5 | . . . . . . 1 . 3 . . 1 Slashing Weapon 2 | . . . . . . 2 . . . . . Piercing Weapon . | . . . . . . . . . . . . Special Melee Weapon . | . . . . . . . . . . . . Unidentified Prototypes 9 | . . . . 1 1 . 1 2 . . 4 Parts Lost 20 | . . 4 . 1 1 7 . 2 . . 5 Power 2 | . . . . . . . . 1 . . 1 Propulsion 5 | . . 1 . . . 4 . . . . . Utility 8 | . . 1 . . 1 2 . 1 . . 3 Weapon 5 | . . 2 . 1 . 1 . . . . 1 Highest Loss Streak 5 | . . 4 . 1 1 2 . 2 . . 5 To Critical Strikes . | . . . . . . . . . . . . Average Slot Usage (%) 97 | . 100 98 100 99 91 99 99 95 92 92 89 Engine 9 | . 14 14 14 14 9 1 9 3 15 15 14 Core 2 | . . . . . . 7 . 10 . . . Treads 7 | . 28 20 14 14 9 7 . . . . . Wheel 15 | . . 7 14 14 18 16 27 19 15 15 14 Device 19 | . 14 5 . . 16 25 26 21 27 28 26 Storage 9 | . 14 14 14 14 9 9 8 7 7 7 7 Processor 2 | . . . . . 4 1 . 6 7 7 8 Protection 7 | . . 8 14 14 6 9 9 8 2 1 . Energy Cannon 1 | . . . . . . 6 . . 4 6 1 Ballistic Gun 12 | . 28 27 28 27 10 8 8 . . . . Ballistic Cannon 3 | . . . . . . . 8 7 10 7 6 Naked Turns . | . . . . . . . . . . . . Heaviest Build 152 | 13 29 95 95 95 104 104 120 149 152 140 127 Greatest Support 40 | 40 40 40 16 16 26 36 36 40 40 40 40 Greatest Overweight (x) 10 | . . 5 5 5 5 10 3 3 3 3 3 Average Overweight (x) 3 | . . 3 5 5 3 5 2 3 3 3 3 Largest Inventory Capacity 25 | 8 15 25 25 25 25 25 25 25 25 25 25 Average Capacity 23 | 7 14 22 25 25 25 25 24 25 25 25 25 Most Carried 25 | 6 15 25 25 25 25 25 25 25 25 25 25 Average Carried 22 | 3 12 20 25 24 24 24 24 24 24 24 24 Final Capacity 25 | 8 15 25 25 25 25 25 25 25 25 25 25 Final Carried 25 | 6 15 25 25 25 25 25 25 25 25 25 24 Class Distribution -------------------- 60% | Scavenger-Mutant 19% | Mutant 8% | Infiltrator-Skirmisher 5% | Skirmisher 3% | Scavenger-Skirmisher Dominant Class ---------------- Mutant | -10/Materials Scavenger-Mutant | -10/Mines Scavenger-Mutant | -10/Exiles Scavenger-Mutant | -9/Mines Scavenger-Mutant | -8/Materials Scavenger-Mutant | -8/Garrison Scavenger-Mutant | -8/Materials Scavenger-Mutant | -7/Factory Infiltrator-Skirmisher | -7/Lower Caves Infiltrator-Skirmisher | -7/Lower Caves Skirmisher | -7/Zion Resources | -11 -10 -10 -10 -9 -8 -8 -8 -7 -7 -7 -7 ----------- Run | Yrd Mat Min Exi Min Mat Gar Mat Fac Low Low Zio Matter Collected 3648 | 330 390 558 . 112 63 513 633 511 200 318 20 Remotely . | . . . . . . . . . . . . Salvage Created 4766 | 151 745 309 . 252 60 1609 768 569 23 163 117 Parts 262 | 12 43 31 . 15 3 66 45 29 3 8 7 Haulers Intercepted 7 | . 1 . . . . . 5 1 . . . Recyclers Shooed 1 | . 1 . . . . . . . . . . Parts Field Recycled . | . . . . . . . . . . . . Retrieved Matter . | . . . . . . . . . . . . Parts Self-Destructed 4 | . . . . . . . . . 2 2 . Prevented . | . . . . . . . . . . . . Kills | -11 -10 -10 -10 -9 -8 -8 -8 -7 -7 -7 -7 ------- Run | Yrd Mat Min Exi Min Mat Gar Mat Fac Low Low Zio Combat Hostiles Destroyed 80 | . 9 16 . 2 1 24 10 10 1 5 2 Guns 44 | . 9 9 . 2 1 10 6 6 . . 1 Cannons 21 | . . . . . . 9 4 4 1 3 . AOE 14 | . . 7 . . . 4 . . . 2 1 Classes Destroyed 15 | 2 5 1 . . 1 2 . 1 . 2 1 Worker 3 | . 1 . . . . . 2 . . . . Builder 3 | . . . . . . . . 3 . . . Tunneler 7 | 4 1 1 . 1 . . . . . . . Hauler 7 | . 1 . . . . . 5 1 . . . Recycler 11 | 1 4 1 . 2 . . 2 1 . . . Watcher 4 | . 2 . . . . . 2 . . . . Swarmer 24 | . 3 14 . . . 4 3 . . . . Grunt 39 | . 6 . . 2 . 16 4 7 . 4 . Duelist 1 | . . . . . . 1 . . . . . Sentry 9 | . . 2 . . . 2 3 2 . . . Hunter 1 | . . . . . 1 . . . . . . Programmer 3 | . . . . . . 1 . 1 1 . . Zionite 2 | . . . . . . . . . . . 2 Samaritan 1 | . . . . . . . . . . 1 . Thief 1 | . . . . . . . . . . 1 . Thug 1 | . . . . . . . . . . . 1 Butcher 1 | . . . . . . . . . . . 1 Best Kill Streak 6 | 2 4 4 . 3 1 4 6 4 1 4 4 Combat Bots Only 5 | . 2 3 . 1 1 4 5 4 1 4 2 Max Kills in Single Turn 4 | 1 1 2 . 1 1 4 2 1 1 1 2 Gunslinging . | . . . . . . . . . . . . Exploded 4 | . . 2 . . . 4 . . . 1 1 Melee . | . . . . . . . . . . . . Uniques/NPCs Destroyed . | . . . . . . . . . . . . Combat | -11 -10 -10 -10 -9 -8 -8 -8 -7 -7 -7 -7 -------- Run | Yrd Mat Min Exi Min Mat Gar Mat Fac Low Low Zio Hostile Shots Fired 448 | . 36 80 . 13 8 112 58 84 4 10 43 Missed 133 | . 13 25 . 6 2 23 10 35 3 . 16 Damage Taken 4610 | . 234 729 . 107 98 1340 456 550 14 138 944 Core 552 | . 30 126 . 30 . 212 9 51 . . 94 Absorbed by Shields 52 | . . . . . . 52 . . . . . Ignored by Resistances 150 | . . . . . . . 82 36 . 32 . Regen/Repaired (Parts) 423 | . . . . . . . 423 . . . . Core Remaining (%) 61 | 100 . . . 25 . . 59 . . . . Volleys Fired 360 | 10 50 44 . 16 6 72 55 60 18 20 9 Largest 2 | 2 2 2 . 2 2 2 2 2 2 2 2 Hottest 137 | 40 40 43 . 43 73 137 69 124 88 134 124 Shots Fired 616 | 20 100 68 . 31 11 133 104 89 21 23 16 Gun 389 | 20 100 63 . 31 11 75 52 31 . . 6 Cannon 211 | . . . . . . 57 50 58 21 18 7 Launcher 16 | . . 5 . . . 1 2 . . 5 3 Special . | . . . . . . . . . . . . Kinetic 462 | 20 100 63 . 31 6 70 102 52 6 5 7 Thermal 125 | . . . . . . 54 . 37 15 13 6 Explosive 16 | . . 5 . . . 1 2 . . 5 3 Electromagnetic 13 | . . . . . 5 8 . . . . . Robot Hit Streak 16 | 4 11 5 . 6 2 12 8 16 2 3 8 Robot Miss Streak 7 | 3 7 7 . 2 3 2 5 4 1 3 2 Penetration Max 1 | . . . . . . 1 . . . . . Secondary Targets 1 | . . 1 . . . . . . . . . Max Gunslinging Chain 1 | . . 1 . . . . . . . . . Shots Hit Robots 390 | 11 54 35 . 19 7 126 55 59 4 6 14 Core Hits 212 | 6 30 23 . 9 4 57 30 29 2 10 12 Critical Kills 2 | . 1 . . . . 1 . . . . . Critical Parts Destroyed 1 | . . . . . . . . 1 . . . Critical Strikes 11 | . 1 . . . . 4 3 2 . . 1 Meltdown 1 | . . . . . . 1 . . . . . Destroy 1 | . 1 . . . . . . . . . . Blast 5 | . . . . . . . 3 1 . . 1 Smash 1 | . . . . . . . . 1 . . . Sever 3 | . . . . . . 3 . . . . . Melee Attacks 57 | . . . . . . 45 . 11 . . 1 Impact 18 | . . . . . . 6 . 11 . . 1 Slashing 39 | . . . . . . 39 . . . . . Piercing . | . . . . . . . . . . . . Sneak Attacks 2 | . . . . . . . . 2 . . . Combat Hostiles . | . . . . . . . . . . . . Follow-up Attacks . | . . . . . . . . . . . . Damage Inflicted 10286 | 152 719 900 . 301 104 3838 1208 1529 115 585 835 Guns 3920 | 152 709 470 . 286 104 921 517 637 . . 124 Cannons 2659 | . . . . . . 824 691 706 115 186 137 Explosions 1743 | . . 352 . . . 418 . . . 399 574 Melee 1861 | . . . . . . 1675 . 186 . . . Ramming 103 | . 10 78 . 15 . . . . . . . Kinetic 4743 | 152 709 470 . 286 39 834 1208 743 115 50 137 Thermal 1866 | . . . . . . 1006 . 600 . 136 124 Explosive 1499 | . . 352 . . . 174 . . . 399 574 Electromagnetic 214 | . . . . . 65 149 . . . . . Impact 186 | . . . . . . . . 186 . . . Slashing 1675 | . . . . . . 1675 . . . . . Piercing . | . . . . . . . . . . . . Highest Corruption 9 | . . . . . . . . . . . 9 Average Corruption 3 | . . . . . . . . . . . 3 Corruption Purged . | . . . . . . . . . . . . Corruption Blocked . | . . . . . . . . . . . . Effects 2 | . . . . . . . . . . . 2 Parts Rejected 1 | . . . . . . . . . . . 1 Misfires 1 | . . . . . . . . . . . 1 Overload Shots 10 | . . . . . . . . 8 . 2 . Overflow Damage 212 | . . 12 . . . . 19 134 . 30 17 Projectiles 51 | . . . . . . . 19 8 . 24 . Explosions 29 | . . 6 . . . . . . . 6 17 Melee 132 | . . 6 . . . . . 126 . . . Knockbacks 22 | . . 1 . . . . 6 9 2 . 4 Impact 1 | . . 1 . . . . . . . . . Kinetic 21 | . . . . . . . 6 9 2 . 4 Secondary . | . . . . . . . . . . . . Self-Inflicted Damage 240 | . . 89 . 5 . . . . . 25 121 Shots 7 | . . 3 . . . . . . . 1 3 Rammed 12 | . 2 8 . 2 . . . . . . . Targets Rammed 12 | . 2 8 . 2 . . . . . . . Kicked . | . . . . . . . . . . . . Crushed . | . . . . . . . . . . . . Highest Temperature 380 | . 5 11 . 18 14 122 22 336 9 42 380 Average Temperature 59 | . 5 4 . 8 8 38 10 82 5 16 216 Received Heat Transfer 1684 | . 108 135 . 60 . 670 198 279 . 99 135 Effects 4 | . . . . . . . . . . . 4 Interference 3 | . . . . . . . . . . . 3 Damage (minor) 1 | . . . . . . . . . . . 1 Siege Activations . | . . . . . . . . . . . . Robots Corrupted . | . . . . . . . . . . . . Combat Hostiles . | . . . . . . . . . . . . Parts Fried 2 | . . . . . . . . 2 . . . Impact Corruptions 5 | . . 1 . . . . . 4 . . . Robots Melted 1 | . . . . . . 1 . . . . . Combat Hostiles 1 | . . . . . . 1 . . . . . Parts Melted 3 | . . . . . . 1 . 1 . 1 . Heat Transferred 3380 | . . . . . . 1619 . 1325 . 161 275 Parts Sabotaged . | . . . . . . . . . . . . Parts Stolen 1 | . . . . . . . . . . 1 . Parts Stripped . | . . . . . . . . . . . . Power Chain Reactions 2 | . . . . . 1 1 . . . . . Alert | -11 -10 -10 -10 -9 -8 -8 -8 -7 -7 -7 -7 ------- Run | Yrd Mat Min Exi Min Mat Gar Mat Fac Low Low Zio Peak Influence 875 | 25 279 283 . 55 85 875 763 312 . . . Initial 426 | . 16 46 . . . 57 426 240 . . . Average 314 | 10 179 158 . 22 42 522 578 181 . . . Maximum Alert Level 3 | . 1 1 . . . 3 3 1 . . . Low Security (%) 43 | 100 42 76 . 100 100 16 . 53 . . . Level 1 19 | . 57 23 . . . 8 3 46 . . . Level 2 30 | . . . . . . 48 90 . . . . Level 3 6 | . . . . . . 26 6 . . . . Level 4 . | . . . . . . . . . . . . Level 5 . | . . . . . . . . . . . . High Security . | . . . . . . . . . . . . Max Security . | . . . . . . . . . . . . Squads Dispatched 10 | . 4 . . . 1 . 3 2 . . . Investigation 4 | . 2 . . . 1 . 1 . . . . Extermination 1 | . . . . . . . . 1 . . . Reinforcement 4 | . 2 . . . . . 1 1 . . . Assault . | . . . . . . . . . . . . Garrison 1 | . . . . . . . 1 . . . . Intercept . | . . . . . . . . . . . . Searches Triggered . | . . . . . . . . . . . . Construction Impeded . | . . . . . . . . . . . . Haulers Reinforced . | . . . . . . . . . . . . Active Scanning Responses . | . . . . . . . . . . . . Cargo Convoy Interrupts . | . . . . . . . . . . . . Stealth | -11 -10 -10 -10 -9 -8 -8 -8 -7 -7 -7 -7 --------- Run | Yrd Mat Min Exi Min Mat Gar Mat Fac Low Low Zio Distress Signals 7 | . 5 . . . . . 1 1 . . . Communications Jammed . | . . . . . . . . . . . . Distress Signals . | . . . . . . . . . . . . Times Spotted 138 | . 21 19 . 2 3 24 35 19 1 5 9 Peak Tracking Total 9 | . 4 3 . 2 1 5 5 9 1 4 7 Tactical Retreats 8 | . 2 3 . . . 1 1 1 . . . Traps | -11 -10 -10 -10 -9 -8 -8 -8 -7 -7 -7 -7 ------- Run | Yrd Mat Min Exi Min Mat Gar Mat Fac Low Low Zio Traps Triggered 7 | . . . . . . 7 . . . . . Indirectly . | . . . . . . . . . . . . Trap Hack Attempts . | . . . . . . . . . . . . Triggered . | . . . . . . . . . . . . Disarmed . | . . . . . . . . . . . . Reprogrammed . | . . . . . . . . . . . . Reused . | . . . . . . . . . . . . Traps Extracted . | . . . . . . . . . . . . Installed . | . . . . . . . . . . . . Triggered 1 | . . 1 . . . . . . . . . Machines | -11 -10 -10 -10 -9 -8 -8 -8 -7 -7 -7 -7 ---------- Run | Yrd Mat Min Exi Min Mat Gar Mat Fac Low Low Zio Machines Disabled 8 | . . 4 . . . 3 1 . . . . Max in Single Turn 1 | . . 1 . . . 1 1 . . . . Garrison Access 1 | . . . . . . . 1 . . . . Garrison Relay 2 | . . . . . . 2 . . . . . Machines Repaired . | . . . . . . . . . . . . Machines Dismantled . | . . . . . . . . . . . . Machines Sabotaged . | . . . . . . . . . . . . Overloaded Fab Kills . | . . . . . . . . . . . . Hacking | -11 -10 -10 -10 -9 -8 -8 -8 -7 -7 -7 -7 --------- Run | Yrd Mat Min Exi Min Mat Gar Mat Fac Low Low Zio Machines Accessed 32 | . 8 1 1 . 3 3 11 4 . 1 . Terminals 18 | . 6 1 . . . 3 6 2 . . . Fabricators 2 | . . . . . . . . 2 . . . Repair Stations 3 | . . . . . 1 . 2 . . . . Recycling Units 3 | . 2 . . . 1 . . . . . . Scanalyzers 2 | . . . . . . . 2 . . . . Garrison Access 2 | . . . . . 1 . 1 . . . . Total Hacks 86 | . 21 2 1 . 7 5 41 8 . 1 . Successful 52 | . 10 2 1 . 4 3 27 4 . 1 . Failed 33 | . 10 . . . 3 2 14 4 . . . Catastrophic 4 | . . . . . . 1 2 1 . . . Database Lockouts 1 | . 1 . . . . . . . . . . Manual 40 | . 17 2 . . 1 1 12 7 . . . Terminals 45 | . 18 2 . . . 5 15 5 . . . Fabricators 3 | . . . . . . . . 3 . . . Repair Stations 16 | . . . . . 3 . 13 . . . . Recycling Units 6 | . 3 . . . 3 . . . . . . Scanalyzers 12 | . . . . . . . 12 . . . . Garrison Access 2 | . . . . . 1 . 1 . . . . Terminal Hacks 17 | . 5 2 1 . . 3 4 1 . 1 . Record 2 | . . . 1 . . . 1 . . . . Part Schematic 3 | . 1 2 . . . . . . . . . Robot Analysis 3 | . 2 . . . . . 1 . . . . Open Door 1 | . . . . . . . . . . 1 . Emergency Access Points 1 | . . . . . . 1 . . . . . Unreport Threat 2 | . . . . . . . 2 . . . . Locate Traps 2 | . 1 . . . . . . 1 . . . Hauler Manifests 1 | . 1 . . . . . . . . . . Garrison Registry 1 | . . . . . . 1 . . . . . Security Stations 1 | . . . . . . 1 . . . . . Fabricator Hacks . | . . . . . . . . . . . . Repair Station Hacks 11 | . . . . . 1 . 10 . . . . Scan Component 6 | . . . . . 1 . 5 . . . . Repair 5 | . . . . . . . 5 . . . . Recycling Unit Hacks 2 | . 1 . . . 1 . . . . . . Retrieve Components 2 | . 1 . . . 1 . . . . . . Scanalyzer 10 | . . . . . . . 10 . . . . Insert Component 4 | . . . . . . . 4 . . . . Analyze 6 | . . . . . . . 6 . . . . Garrison Access Hacks 2 | . . . . . 1 . 1 . . . . Unlock Access 1 | . . . . . 1 . . . . . . Seal Access 1 | . . . . . . . 1 . . . . Unauthorized Hacks 10 | . 4 . . . 1 . 2 3 . . . Terminals 6 | . 2 . . . . . 2 2 . . . Botnet 6 | . 2 . . . . . 2 2 . . . Fabricators 1 | . . . . . . . . 1 . . . Liberate 1 | . . . . . . . . 1 . . . Repair Stations . | . . . . . . . . . . . . Recycling Units 3 | . 2 . . . 1 . . . . . . Tunnel 3 | . 2 . . . 1 . . . . . . Scanalyzers . | . . . . . . . . . . . . Garrison Access . | . . . . . . . . . . . . Data Cores Recovered 1 | . . . . . . . 1 . . . . Used . | . . . . . . . . . . . . Hacking Detections 26 | . 7 1 . . 2 2 10 4 . . . Full Trace Events 2 | . . . . . 1 . 1 . . . . Feedback Events . | . . . . . . . . . . . . Feedback Blocked . | . . . . . . . . . . . . Robot Schematics Acquired 3 | . . . . . . . . . . . 3 Robots Built . | . . . . . . . . . . . . Authchips . | . . . . . . . . . . . . Time . | . . . . . . . . . . . . Total Robot Build Rating . | . . . . . . . . . . . . Part Schematics Acquired 20 | . 1 2 . . . . 3 . . . 14 Parts Built . | . . . . . . . . . . . . Authchips . | . . . . . . . . . . . . Time . | . . . . . . . . . . . . Total Part Build Rating . | . . . . . . . . . . . . Parts Repaired 5 | . . . . . . . 5 . . . . Time 258 | . . . . . . . 258 . . . . Parts Recycled . | . . . . . . . . . . . . Recycled Matter . | . . . . . . . . . . . . Retrieved Matter . | . . . . . . . . . . . . Retrieved Components 10 | . 9 . . . 1 . . . . . . Parts Scanalyzed 3 | . . . . . . . 3 . . . . Part Schematics Acquired 3 | . . . . . . . 3 . . . . Parts Damaged 1 | . . . . . . . 1 . . . . Bothacking | -11 -10 -10 -10 -9 -8 -8 -8 -7 -7 -7 -7 ------------ Run | Yrd Mat Min Exi Min Mat Gar Mat Fac Low Low Zio Used RIF Installer . | . . . . . . . . . . . . Robots Hacked . | . . . . . . . . . . . . Non-combat . | . . . . . . . . . . . . Combat . | . . . . . . . . . . . . Robot Hacks Applied . | . . . . . . . . . . . . Relay Couplers Released 11 | . . . . . . 11 . . . . . Machine Destruction 8 | . . . . . . 8 . . . . . Programmers 3 | . . . . . . 3 . . . . . Fabnet Peak Effective % . | . . . . . . . . . . . . Robots Rewired 4 | . . . . . . 3 . 1 . . . Allies Hacked . | . . . . . . . . . . . . Hacks Repelled . | . . . . . . . . . . . . Allies | -11 -10 -10 -10 -9 -8 -8 -8 -7 -7 -7 -7 -------- Run | Yrd Mat Min Exi Min Mat Gar Mat Fac Low Low Zio Total Allies 9 | . . . . . . 3 . 1 . . 5 Largest Group 5 | . . . . . . 3 3 1 . . 5 Highest-Rated Group 128 | . . . . . . 120 120 16 . . 128 Highest-Rated Ally 40 | . . . . . . 40 40 16 . . 32 Total Orders . | . . . . . . . . . . . . Ally Attacks 38 | . . . . . . . 37 1 . . . Total Damage 964 | . . . . . . . 946 18 . . . Kills 16 | . . . . . . . 16 . . . . Allies Corrupted . | . . . . . . . . . . . . Allies Melted . | . . . . . . . . . . . . Intel | -11 -10 -10 -10 -9 -8 -8 -8 -7 -7 -7 -7 ------- Run | Yrd Mat Min Exi Min Mat Gar Mat Fac Low Low Zio Robot Analysis Total 3 | . 2 . . . . . 1 . . . . Derelict Logs Recovered 6 | . . 3 . 1 . . . . . 2 . Drone Launches . | . . . . . . . . . . . . Drone Recoveries . | . . . . . . . . . . . . Exploration | -11 -10 -10 -10 -9 -8 -8 -8 -7 -7 -7 -7 ------------- Run | Yrd Mat Min Exi Min Mat Gar Mat Fac Low Low Zio Turns Passed 9942 | 162 808 1266 270 703 262 1624 1742 1248 538 718 601 Spaces Moved 5170 | 75 373 565 154 364 161 680 977 627 342 464 388 Core 4 | 4 . . . . . . . . . . . Treads 661 | 71 373 213 . . . 4 . . . . . Legs 11 | . . . . . . 11 . . . . . Wheels 4494 | . . 352 154 364 161 665 977 627 342 464 388 Hover . | . . . . . . . . . . . . Flight . | . . . . . . . . . . . . Fastest Speed 50 | 50 160 160 175 175 135 120 105 135 140 140 140 Average Speed 151 | 154 160 193 175 175 135 162 130 136 140 140 140 Slowest Speed 480 | 160 160 480 175 175 175 480 135 140 140 140 140 Overloaded Moves . | . . . . . . . . . . . . Propulsion Burnouts . | . . . . . . . . . . . . Robots Hopped . | . . . . . . . . . . . . Cave-ins Triggered . | . . . . . . . . . . . . Exploration Rate (%) 54 | 6 72 92 54 88 18 72 66 21 55 68 45 Regions Visited 11 Branch Regions 6 Pre-discovered Areas 6 | . 2 2 . . 1 . . . 1 . . Known Exits Taken 5 | . . . . . 1 . 1 1 1 1 . Unknown Exits Taken 5 | 1 1 1 1 1 . . . . . . . Scrap Searched 12 | . . 3 . 3 . . . . 3 1 2 Spaces Dug 73 | . . 14 . . . . 9 17 4 29 . Terrain Destroyed 168 | . . 36 . . 3 10 36 23 5 50 5 Melee 9 | . . . . . . . . 9 . . . Projectile 36 | . . . . . . . 11 14 5 6 . AOE 123 | . . 36 . . 3 10 25 . . 44 5 Terrain Rammed . | . . . . . . . . . . . . Walls Destroyed . | . . . . . . . . . . . . Machines Disabled . | . . . . . . . . . . . . Actions | -11 -10 -10 -10 -9 -8 -8 -8 -7 -7 -7 -7 --------- Run | Yrd Mat Min Exi Min Mat Gar Mat Fac Low Low Zio Total 6621 | 99 484 662 155 401 196 1003 1397 918 378 503 425 Wait 563 | . 44 9 . 1 8 62 270 152 5 4 8 Move 5159 | 74 372 564 153 363 161 678 976 626 341 463 388 Hop . | . . . . . . . . . . . . Pick Up 128 | 8 11 16 1 8 8 16 44 10 2 2 2 Fast Attach 31 | 5 . 2 . 1 3 7 5 3 . 1 4 Attach 19 | 2 . 2 . 1 3 6 . 4 . . 1 Detach 5 | . . . . . 1 1 . . . . 3 Swap 91 | . 2 10 . 1 . 15 14 24 9 11 5 Drop 108 | . 3 7 1 8 6 23 33 18 3 2 4 Fire 360 | 10 50 44 . 16 6 72 55 60 18 20 9 Melee 57 | . . . . . . 45 . 11 . . 1 Ram 7 | . . 6 . 1 . . . . . . . Kick . | . . . . . . . . . . . . Crush 5 | . 2 2 . 1 . . . . . . . Escape Stasis 51 | . . . . . . 51 . . . . . Rewire 37 | . . . . . . 27 . 10 . . . Trap . | . . . . . . . . . . . . Miscellaneous . | . . . . . . . . . . . . Route ------- -11/Scrapyard -10/Materials -10/Mines (discovered 3 exits: [*Mat x2] / *Exi) -10/Exiles -9/Mines (discovered 2 exits: *Mat x2) -8/Materials (discovered 2 exits: *Fac / Gar) -8/Garrison (discovered 4 exits: *Fac x3 / *Mat) -8/Materials (discovered 2 exits: *Fac x2) -7/Factory (discovered 2 exits: [*Sto] / *Low) -7/Lower Caves -7/Lower Caves -7/Zion (discovered 1 exit: [*Pro]) History --------- Turn | Location | Event 21 | -11/Scrapyard | Discovered new exit (range 15) 163 | -11/Scrapyard | Entered Materials 311 | -10/Materials | Build established: Mutant 587 | -10/Materials | Discovered new exit (range 16) 893 | -10/Materials | Central database locked down 971 | -10/Materials | Entered Mines 998 | -10/Mines | Learned location of Zion (-7) 1014 | -10/Mines | Discovered new exit (range 5) 1224 | -10/Mines | Learned location of 1 exit from Materials 1487 | -10/Mines | Lost 4 parts (1n1u2w) 1729 | -10/Mines | Discovered new exit (range 10) 1736 | -10/Mines | Core integrity fell below 50% 1780 | -10/Mines | Build established: Scavenger-Mutant 1902 | -10/Mines | Learned Materials terminal intel 2045 | -10/Mines | Learned location of Storage (-7) 2228 | -10/Mines | Deemed a non-threat by the Exiles lab entrance 2230 | -10/Mines | Discovered new exit (range 5) 2237 | -10/Mines | Entered Exiles 2237 | -10/Exiles | Found Exiles lab abandoned 2491 | -10/Exiles | Discovered new exit (range 11) 2507 | -10/Exiles | Entered Mines 2939 | -9/Mines | Received a Rocket Launcher from a helpful Derelict 2999 | -9/Mines | Found a damaged Exp. Sensor Array with a note attached 3003 | -9/Mines | Found Prototype Device 3003 | -9/Mines | Identified Exp. Sensor Array 3147 | -9/Mines | Discovered new exit (range 7) 3163 | -9/Mines | Discovered new exit (range 12) 3210 | -9/Mines | Entered Materials 3210 | -8/Materials | Evolved 4 slots: Propulsion x1, Utility x3 3211 | -8/Materials | Identified exit to Factory 3212 | -8/Materials | Loaded intel: 12 terminal locations 3472 | -8/Materials | Identified exit to Garrison 3472 | -8/Materials | Entered Garrison 3594 | -8/Garrison | Triggered checkpoint 3726 | -8/Garrison | Learned Factory security intel 3739 | -8/Garrison | Garrison Relay disabled 3908 | -8/Garrison | Triggered checkpoint 3964 | -8/Garrison | Triggered checkpoint 4065 | -8/Garrison | Discovered exit to Factory (range 10) 4352 | -8/Garrison | Attempted to access garrison exit controls, blocked by remote lockdown 4487 | -8/Garrison | Discovered exit to Factory (range 8) 4508 | -8/Garrison | Discovered exit to Factory (range 74) 4508 | -8/Garrison | Discovered exit to Factory (range 14) 4508 | -8/Garrison | Discovered exit to Factory (range 58) 4508 | -8/Garrison | Discovered new exit (range 67) 4520 | -8/Garrison | Triggered checkpoint 4610 | -8/Garrison | Garrison Relay disabled 4710 | -8/Garrison | Triggered checkpoint 4856 | -8/Garrison | Triggered checkpoint 5096 | -8/Garrison | Entered Materials 5096 | -8/Materials | Accompanied by 3 allies 5209 | -8/Materials | Garrison activated, responded to threat 5576 | -8/Materials | Discovered exit to Factory (range 16) 5901 | -8/Materials | Repaired Broken Exp. Sensor Array 6083 | -8/Materials | Repaired Huge Storage Unit 6180 | -8/Materials | Repaired Arm. Wheel 6213 | -8/Materials | Repaired Arm. Wheel 6246 | -8/Materials | Repaired Arm. Wheel 6750 | -8/Materials | Discovered exit to Factory (range 11) 6838 | -8/Materials | Entered Factory 6838 | -7/Factory | Evolved 2 slots: Power x1, Utility x1 6839 | -7/Factory | Identified exit to Lower Caves 7173 | -7/Factory | Discovered new exit (range 9) 7816 | -7/Factory | Build established: Scavenger-Skirmisher 8086 | -7/Factory | Entered Lower Caves 8161 | -7/Lower Caves | Met a Warlord Commander 8162 | -7/Lower Caves | Learned location of Warlord (-5) 8163 | -7/Lower Caves | Warlord Commander delivered Encrypted Comm Array 8575 | -7/Lower Caves | Discovered new exit (range 11) 8589 | -7/Lower Caves | Identified exit to Lower Caves 8600 | -7/Lower Caves | Build established: Infiltrator-Skirmisher 8624 | -7/Lower Caves | Entered another Lower Caves area 8948 | -7/Lower Caves | Encountered a Warlord checkpoint 8964 | -7/Lower Caves | Learned Factory stockpile data 9143 | -7/Lower Caves | Discovered new exit (range 12) 9240 | -7/Lower Caves | Identified exit to Zion 9342 | -7/Lower Caves | Entered Zion 9384 | -7/Zion | Discovered new exit (range 14) 9535 | -7/Zion | Build established: Skirmisher 9558 | -7/Zion | Gained Derelict followers 9818 | -7/Zion | Found Prototype Processor 9818 | -7/Zion | Identified Exp. Terrain Scan Processor 9844 | -7/Zion | Found Prototype Processor 9844 | -7/Zion | Identified Exp. Armor Integrity Analyzer 9847 | -7/Zion | Found Prototype Processor 9847 | -7/Zion | Identified Exp. Signal Interpreter 9851 | -7/Zion | Found Prototype Processor 9851 | -7/Zion | Identified Exp. Target Analyzer 9910 | -7/Zion | Attacked by Zionites 9943 | -7/Zion | Self-destructed Last Messages --------------- 09935_ XQ-H7T(z) destroyed. 09935_ Rnf. Deuterium Engine destroyed. 09935_ Destroyed Rnf. Deuterium Engine. 09935_ Gatling Laser destroyed. 09935_ Destroyed Gatling Laser. 09935_ S0-YPC(z) destroyed. 09938_ Knocked back. 09938_ QG-KBL(g) destroyed. 09939_ Overheating: Hrd. Medium Armor Plating damaged (-25). 09940_ Hrd. Medium Armor Plating destroyed. 09940_ Destroyed Hrd. Medium Armor Plating. 09941_ Overheating: System interference. 09941_ Exp. Terrain Scan Processor temporarily disabled. 09941_ Missile Launcher temporarily disabled. 09942_ Knocked back. 09942_ 34-MTI(b) destroyed. 09942_ IH-TEM(b) destroyed. Map ----- +----------------------------------------------------+ | ???????###"""" "" ""#""""""""###?????????????? | | ???????##""" """"""" """"###????????????? | | ?????####"" """"" "###????????????? | | #########"" """" """#????????????? | | #######""" """ ""##????????????? | | ####""" " """#????????????? | | ####"" " ""##????????????? | | ##""" """ ""##????????????? | | ##""" "#"" """ ""##????????????? | | #""" """"" """""" ""###????????????? | | #"" "" """"""""""""""""###????????????? | | """ """ """ ""#"####"?"##?????????????? | | """ """" "" ""#"####?????????????????? | | """ """" """"""###????????????????? | | """ "" """"" "###????????????????? | | "" """"" ""##????????????????? | | """"""" ""##????????????????? | | """"""" ""##????????????????? | | """##"" ""##????????????????? | | """"" " "" ###" ""##????????????????? | | """"""" #"" ""#"????????????????? | | """"" """#""""" #"" """""???????????????? | | "#""" """#"""" """ ????????????????? | | """" """"##"" %M m """" "" "???????????????? | | ##" """###"" = % * "" "" ""??????????????? | | #"" ""##"#"" ==! %/%@ "" ""??????????????? | | #""""""""#####"""" = / """""" "###????????????? | | ###"#""#######"""" * ""z""" ""##????????????? | | ##########??####"" " "" ""##????????????? | | ??#######???####"" ""#########?????? | | ??????????????###" "" "" """############# | | ??????????????##"" ""#""" ""### "######## | | ??????????????##"" #"""" "" """### """"""""" | | ??????????????##"" #"""" "" """### """"""""" | | ?????????????####" """"" ""# | | ?????????????####" "" "" | | ????????????###""" "" | | ????????????####"" "" """""# | | ????????????##"""" "" """""### """"""""" | | ??????????####"" """#"### """"""""" | | ???????#####"#" """""### "######## | | ?????########"" ""############# | | ?????#### ##""" """"" ""########?????? | | ?????## ##""" """""""""""####??????????? | | ?????## #"""" "" ""####"""#####???????????? | | ?????## #" """" "####"#""####????????????? | | ?????### # """ "#"#""#"#"####???????????? | | ??????###" #" # " """"""""""####???????????? | | ??????######## """####?????????? | | ???????###### ""####?????????? | +----------------------------------------------------+ Best States ------------- Heat Dissipation 56 Coolant Potential 50 Energy Generation 27 Energy Capacity 480 Matter Stores 300 Matter Capacity 300 Sight Range 16 Robot Scan Range 20 Terrain Scan Density 1010 Jamming Range 12 Armor Coverage 450 Resistance: KI 30 Resistance: TH 20 Weapon Cycling 15 Evasion (%) 40 Targeting Accuracy 5 Recoil Reduction 2 Item Schematics ----------------- Huge Storage Unit | -10/Materials | Hacked Hcp. Storage Unit | -10/Mines | Hacked Lrg. Storage Unit | -10/Mines | Hacked Exp. Sensor Array | -8/Materials | Scanalyzed Arm. Wheel | -8/Materials | Scanalyzed Hrd. Medium Armor Plating | -8/Materials | Scanalyzed Hvy. Rocket Launcher | -7/Zion | Archive Fission Core | -7/Zion | Archive Shock Absorption System | -7/Zion | Archive Arm. Leg | -7/Zion | Archive Arm. Huge Wheel | -7/Zion | Archive Matter Compressor | -7/Zion | Archive Mak. Terrain Scan Processor | -7/Zion | Archive Variable Charge Gun | -7/Zion | Archive Disruptor Cannon | -7/Zion | Archive Mak. Shrapnel Gun | -7/Zion | Archive Coil Gun | -7/Zion | Archive Imp. Particle Charger | -7/Zion | Archive Mak. Laser | -7/Zion | Archive Fusion Compressor | -7/Zion | Archive Robot Schematics ------------------ A-02 Transporter | -7/Zion | Archive H-77 Assassin | -7/Zion | Archive T-07 Excavator | -7/Zion | Archive Fabricated ------------ Nothing Alien Tech Used ----------------- None Achievements -------------- None Challenges ------------ None Game ------ Seed ThunderTerrainCleaver Manual? 0 Play Time 01:27:10 Cumulative 158.6 hours Start 2024.05.20 @ 22:35:07 End 2024.05.21 @ 00:09:08 Sessions 1 Manual Loads 0 Difficulty Rogue Special Mode None Game No. 86 Rogue 86 Adventurer 0 Explorer 0 Win Type - Total 6 Types 3/0/2/1/0/0/0/0/0 Lore% 61 Gallery% 80 Achievement% 57 Wizard Run 0 Options --------- Layout 2 ASCII 0 Keyboard 1 Movement Numpad Keybinds 0 Fullscreen 2 Font 32/Tamsyn Map View 50x44 Zoom Use 0% Tactical HUD 1 Map Filters NONE Filters NONE Steam 1 RUN: 4f81f4d4-fc3d-4402-ae1d-4c5cd9eb604b